 Seeded DCSS version 0.30.0-29-ga12c61a403 (webtiles) character file.

Game seed: 18007716519941398942 (custom seed)

16 Dadbod the Shield-Bearer (level 2, 24/24 HPs)
             Began as a Formicid Fighter on June 5, 2023.
             Quit the game on level 1 of the Dungeon.
             The game lasted 00:02:23 (232 turns).

Dadbod the Shield-Bearer (Formicid Fighter)          Turns: 232, Time: 00:02:23

Health: 24/24      AC: 11    Str: 20    XL:     2   Next: 70%
Magic:  2/2        EV:  9    Int:  7    God:
Gold:   953        SH:  5    Dex: 13    Spells: 1/1 levels left

rFire   . . .        a - +0 flail
rCold   . . .        c - +0 buckler
rNeg    . . .        b - +0 scale mail
rPois   .            (helmet unavailable)
rElec   .            (no cloak)
rCorr   .            l - +3 pair of gauntlets of War {Slay+5}
SInv    +            (no boots)
Will    .....        h - amulet of the acrobat Stlth
                     (no ring)
HPRegen 0.24/turn    (no ring)
MPRegen 0.08/turn

%: acrobat
@: studying Evocations
A: permanent stasis, dig shafts and tunnels, antennae 3, four strong arms
a: Dig, Shaft Self


You were on level 1 of the Dungeon.
You visited 1 branch of the dungeon, and saw 1 of its levels.

You collected 953 gold pieces.

Inventory:

Hand Weapons
 a - a +0 flail (weapon)
Armour
 b - a +0 scale mail (worn)
 c - a +0 buckler (worn)
 l - the +3 pair of gauntlets of War (worn) {Slay+5}
   (You acquired it on level 1 of the Dungeon)

   Slay:      It affects your accuracy & damage with ranged weapons and melee
   (+5).
Jewellery
 g - an amulet of faith
 h - an amulet of the acrobat (around neck)
Scrolls
 e - a scroll of magic mapping {unknown}
 j - a scroll of fog {unknown}
Potions
 d - a potion of might
 f - a potion of berserk rage {unknown}
 i - 2 potions of heal wounds {unknown}


   Skills:
 + Level 3.6 Fighting
 + Level 2.1 Maces & Flails
 + Level 3.5 Armour
 + Level 4.2 Shields


You had one spell level left.
You didn't know any spells.
Your spell library was empty.

Dungeon Overview and Level Annotations

Branches:
Dungeon (1/15)

Altars:


Innate Abilities, Weirdness & Mutations

You cannot be hasted, slowed, berserked, paralysed or teleported.
You can dig through walls and to a lower floor.
You have a pair of large antennae on your head. (SInv)
Your four strong arms can wield two-handed weapons with a shield.


Message History

You sock the kobold!
You kill the kobold!
You see here a +0 dagger.
Found 2 lumpy sapphire potions.
i - 2 lumpy sapphire potions
There are no items here.
Found a scroll labelled UNKIPPOYZU.
A goblin comes into view. It is wielding a +0 dagger.
The goblin shouts!
An endoplasm comes into view.
You see here a scroll labelled UNKIPPOYZU.
j - a scroll labelled UNKIPPOYZU The endoplasm quivers.
A frilled lizard comes into view.
The frilled lizard hisses angrily.
The goblin misses you.
You barely miss the goblin. The goblin closely misses you.
You sock the goblin!
You kill the goblin!
You thump the endoplasm!
You kill the endoplasm!
You closely miss the frilled lizard. You block the frilled lizard's attack.
You closely miss the frilled lizard. The frilled lizard closely misses you.
You hit the frilled lizard.
You kill the frilled lizard!
Things that are here:
a +0 dagger; a goblin corpse
Found 3 scrolls labelled DICAOL JAOKK.
k - 3 scrolls labelled DICAOL JAOKK This is a scroll of acquirement!
Something appears at your feet!
l - the +3 pair of gauntlets of War {Slay+5} You start putting on your armour.
You continue putting on the +3 pair of gauntlets of War {Slay+5}. x4
You finish putting on the +3 pair of gauntlets of War {Slay+5}.
You see here a manual of Evocations.
Something appears at your feet!
You pick up a manual of Evocations and begin studying.
Something appears at your feet!
You now have 953 gold pieces (gained 944).
Are you sure you want to abandon this character and quit the game? (Confirm with "yes".)

.............(
..##.#.#######
.###.#.# .#
#.#.##############
.#
#.#..............#
.#
#.#############.##
.# #.# #.. ..#.#
## #.# #.# #.#)#
#.# #@#.# #.#
#.#.# ##.###.#.#
#...)..#.#
#..###.#.# #..#
#.#.# #..# ###.#
#..# #.# #..# #.#


There were no monsters in sight!

Vanquished Creatures
  4 endoplasms (D:1)
  A goblin (D:1)
  A hobgoblin (D:1)
  4 jackals (D:1)
  A kobold (D:1)
  A frilled lizard (D:1)
12 creatures vanquished.

Notes
Turn   | Place    | Note
-------+----------+-------------------------------------------
     0 | D:1      | Dadbod the Formicid Fighter began the quest for the Orb.
     0 | D:1      | Reached XP level 1. HP: 18/18 MP: 1/1
    42 | D:1      | Reached XP level 2. HP: 8/24 MP: 2/2
   221 | D:1      | Identified 3 scrolls of acquirement
   221 | D:1      | Acquired the +3 pair of gauntlets of War {Slay+5}
   221 | D:1      | Found the +3 pair of gauntlets of War {Slay+5}
   228 | D:1      | Acquired a manual of Evocations
   230 | D:1      | Acquired 944 gold pieces
   232 | D:1      | Quit the game

Illustrated notes

Levels and vault maps discovered:
D:1:      psy_arrival_dodecagon, layout_basic,
          dreamdust_ecumenical_altar_sealed_demon

Action                     || total
---------------------------++-------
  Melee: Flail             ||    32
    Use: Scroll            ||     3
 Armour: Scale mail        ||     8
  Dodge: Dodged            ||     8
  Block: Buckler           ||     7
